 Dungeon Crawl Stone Soup version 0.25.1-2-g60ff931df9 (webtiles) character file.

Game seed: 10036061082944909693

14 vurker the Sneak (level 2, -1/20 HPs)
             Began as a Gnoll Enchanter on Nov 15, 2020.
             Slain by a frilled lizard (2 damage)
             ... on level 2 of the Dungeon.
             The game lasted 00:01:10 (601 turns).

vurker the Sneak (Gnoll Enchanter)                   Turns: 601, Time: 00:01:11

Health: -1/20      AC:  2    Str: 10    XL:     2   Next: 45%
Magic:  7/7        EV: 14    Int: 17    God:
Gold:   13         SH:  0    Dex: 15    Spells: 9/10 levels left

rFire    + . .     SeeInvis .   a - +1 dagger
rCold    . . .     Gourm    .   (no shield)
rNeg     . . .     Faith    .   b - +0 robe
rPois    .         Spirit   .   (no helmet)
rElec    .         Reflect  .   (no cloak)
rCorr    .         Harm     .   (no gloves)
MR       .....                  (no boots)
Stlth    +++.......             (no amulet)
HPRegen  0.06/turn              i - ring of protection from fire
MPRegen  0.10/turn              (no ring)

@: no status effects
A: distributed training, fangs 1, strong nose
a: no special abilities


You were on level 2 of the Dungeon.
You were not hungry.

You visited 1 branch of the dungeon, and saw 2 of its levels.

You collected 13 gold pieces.

Inventory:

Hand Weapons
 a - a +1 dagger (weapon)
Missiles
 c - 4 javelins (quivered)
 j - a throwing net
Armour
 b - a +0 robe (worn)
 k - a cursed +0 leather armour
   (You found it on level 2 of the Dungeon)
Jewellery
 i - a ring of protection from fire (left hand)
   (You found it on level 1 of the Dungeon)
Scrolls
 g - a scroll of identify {unknown}
 h - a scroll of fear {unknown}
Potions
 e - a potion of lignification {unknown}
Comestibles
 d - 2 rations


   Skills:
 + Level 0.4 Fighting
 + Level 2.5 Short Blades
 + Level 0.4 Long Blades
 + Level 0.4 Axes
 + Level 0.4 Maces & Flails
 + Level 0.4 Polearms
 + Level 0.4 Staves
 + Level 0.4 Slings
 + Level 0.4 Bows
 + Level 0.4 Crossbows
 + Level 0.4 Throwing
 + Level 0.4 Armour
 + Level 4.5 Dodging
 + Level 5.9 Stealth
 + Level 0.4 Shields
 + Level 0.4 Unarmed Combat
 + Level 4.9 Spellcasting
 + Level 0.2 Conjurations
 + Level 5.3 Hexes
 + Level 0.2 Charms
 + Level 0.2 Summonings
 + Level 0.2 Necromancy
 + Level 0.2 Translocations
 + Level 0.2 Transmutations
 + Level 0.2 Fire Magic
 + Level 0.2 Ice Magic
 + Level 0.2 Air Magic
 + Level 0.2 Earth Magic
 + Level 0.2 Poison Magic
 + Level 0.5 Invocations
 + Level 0.4 Evocations


You had 9 spell levels left.
You knew the following spells:

 Your Spells              Type           Power        Failure   Level  Hunger
a - Corona                Hex            ###....      1%          1    None

Your spell library contained the following spells:

 Spells                   Type           Power        Failure   Level  Hunger
 Confusing Touch          Hex            ###.....     4%          3    ###....
 Tukima's Dance           Hex            ###.....     4%          3    ###....
 Ensorcelled Hibernation  Hex/Ice        ##....       7%          2    #......
 Dazzling Flash           Conj/Hex       ##....       14%         3    ###....


Dungeon Overview and Level Annotations

Branches:
Dungeon (1/15)

Altars:


Innate Abilities, Weirdness & Mutations

Your experience applies equally to all skills.
You have very sharp teeth.
Your uncanny sense of smell can sniff out nearby items.


Message History

You see here a stone.
Found 6 gold pieces.
A frilled lizard and a worm come into view.
All of the chunks of flesh in your inventory have rotted away.
The goblin misses you.
You hit the goblin.
The goblin hits you with a cursed -3 hunting sling.
You closely miss the goblin. The goblin closely misses you.
You hit the goblin.
You kill the goblin!
No target in view!
No target in view!
Things that are here:
a cursed -3 hunting sling; a +0 dagger A hobgoblin comes into view.
It is wielding a +0 club.
The hobgoblin shouts!
You hear an angry hiss.
A hobgoblin comes into view.
The hobgoblin hits you with a +0 club.
The hobgoblin shouts!
You hit the hobgoblin.
The frilled lizard completely misses you.
The hobgoblin misses you.
You barely miss the frilled lizard. The frilled lizard misses you.
The hobgoblin hits you with a +0 club.
You hit the hobgoblin.
You kill the hobgoblin!
The frilled lizard barely misses you. The frilled lizard closely misses you.
You see here a +0 club.
You hit the hobgoblin but do no damage. The frilled lizard closely misses you.
The hobgoblin hits you.
You barely miss the adder.
The frilled lizard completely misses you.
The adder misses you.
You hit the adder but do no damage. Your bite misses the adder.
The hobgoblin hits you. The adder closely misses you.
The frilled lizard bites you.
* * * LOW HITPOINT WARNING * * *
You closely miss the adder. The hobgoblin hits you.
* * * LOW HITPOINT WARNING * * *
The adder bites you but does no damage.
You closely miss the adder.
The frilled lizard completely misses you.
The adder bites you.
* * * LOW HITPOINT WARNING * * *
The hobgoblin closely misses you.
You hit the adder but do no damage. The adder bites you.
* * * LOW HITPOINT WARNING * * *
The frilled lizard bites you.
You die...

..#.................#
............?......).#
.S...#....#....?......#
.....#....#...........#
.... +....+...........+
.!. #....#...........#
... #....#...........#
#..S.#...........#
#..@l#...........#
####g......$......
+w.............
#......######..
#......# ########


You could see a worm, an adder, a hobgoblin and a frilled lizard.

Vanquished Creatures
  2 leopard geckos (D:1)
  A bat (D:1)
  2 goblins
  2 hobgoblins
  2 kobolds (D:1)
  A frilled lizard (D:1)
10 creatures vanquished.

Notes
Turn   | Place    | Note
-------+----------+-------------------------------------------
     0 | D:1      | vurker the Gnoll Enchanter began the quest for the Orb.
     0 | D:1      | Reached XP level 1. HP: 13/13 MP: 6/6
   171 | D:1      | Reached XP level 2. HP: 17/19 MP: 7/7
   525 | D:1      | You fall into a shaft and drop 1 floor!
   601 | D:2      | HP: 1/20 [adder (4)]
   601 | D:2      | Slain by a frilled lizard

Illustrated notes

Levels and vault maps discovered:
D:1:      dpeg_arrival_tiny_f, layout_loops_corners, minmay_pentomino_o2
D:2:      layout_basic

Action                   || total
-------------------------++-------
Melee: Dagger            ||    39
       Bite              ||     2
 Stab: Sleeping          ||     4
Armor: Robe              ||     2
Dodge: Dodged            ||    29
